[Event "SVK-ch Open 2018"]
[Site "Banska Stiavnica"]
[Date "2018.07.14"]
[Round "8"]
[White "Bakalar, Jan"]
[Black "Gzib, David"]
[Result "1/2-1/2"]
[ECO "A00"]
[WhiteElo "1998"]
[BlackElo "1939"]
[Annotator "NA"]
[PlyCount "105"]
[EventDate "2018.07.07"]
[EventType "swiss"]
[EventCountry "SVK"]
[SourceTitle "playchess.com"]
[Source "ChessBase"]
[SourceQuality "1"]
[TimeControl "40/5400+30:1800+30"]

1. g3 g6 2. Bg2 Bg7 3. c4 Nf6 4. Nc3 O-O 5. e3 c6 6. d4 d6 7. Nge2 Qc7 8. O-O e5 9. b3 Nbd7 10. a4 a6 11. Ba3 Rd8 12. dxe5 Nxe5 13. h3 d5 14. cxd5 Nxd5 15. Nxd5 cxd5 16. Rc1 Qb8 17. Nd4 Bd7 18. Qd2 Nc6 19. Bb2 Qd6 20. Rfd1 Nxd4 21. Bxd4 Bc6 22. Bxg7 Kxg7 23. Qd4+ Qf6 24. Rc5 Rd6 25. Bxd5 Rad8 26. Qxf6+ Kxf6 27. e4 b6 28. Rc3 Bxd5 29. exd5 Ke5 30. Re3+ Kf6 31. Rf3+ Kg7 32. Rc3 Kf6 33. f4 Kf5 34. Rcd3 g5 35. fxg5 Kxg5 36. Rd4 f5 37. Kf2 Kf6 38. R4d3 Ke5 39. Re3+ Kf6 40. Rde1 Rxd5 41. Re6+ Kg5 42. Rxb6 Rd3 43. Re3 Rd1 44. h4+ Kh5 45. Rxa6 Kg4 46. Rb6 R8d2+ 47. Re2 Rd3 48. Rb4+ Kh3 49. Rf4 Rxb3 50. Rxf5 Rxg3 51. Rf3 Rxf3+ 52. Kxf3 Rf1+ 53. Ke3 1/2-1/2

[Event "SVK-ch Open 2018"]
[Site "Banska Stiavnica"]
[Date "2018.07.14"]
[Round "8"]
[White "Chrenko, Kristian"]
[Black "Kucera, Michal"]
[Result "1-0"]
[ECO "B33"]
[WhiteElo "1992"]
[BlackElo "1921"]
[Annotator "NA"]
[PlyCount "71"]
[EventDate "2018.07.07"]
[EventType "swiss"]
[EventCountry "SVK"]
[SourceTitle "playchess.com"]
[Source "ChessBase"]
[SourceQuality "1"]
[TimeControl "40/5400+30:1800+30"]

1. e4 c5 2. Nf3 Nc6 3. d4 cxd4 4. Nxd4 Nf6 5. Nc3 e5 6. Ndb5 d6 7. Bg5 a6 8. Na3 b5 9. Nd5 Be7 10. Bxf6 Bxf6 11. c4 b4 12. Nc2 Rb8 13. b3 O-O 14. g3 Bg5 15. Bg2 Be6 16. Nce3 g6 17. O-O Bxe3 18. Nxe3 Nd4 19. Nc2 Nxc2 20. Qxc2 Qb6 21. Rad1 Rfd8 22. Rd3 Qc5 23. Qd2 Rb6 24. Qg5 Rd7 25. Rfd1 Kg7 26. Rf3 Qc7 27. Qf6+ Kg8 28. Rfd3 Rc6 29. f4 exf4 30. gxf4 d5 31. exd5 Bxd5 32. Qe5 Qb6+ 33. Qd4 Bxg2 34. Qxb6 Rxb6 35. Rxd7 Bh3 36. R1d6 1-0

[Event "SVK-ch Open 2018"]
[Site "Banska Stiavnica"]
[Date "2018.07.14"]
[Round "8"]
[White "Gyerpal, Adrian"]
[Black "Bango, Dominik"]
[Result "1/2-1/2"]
[ECO "E10"]
[WhiteElo "1990"]
[BlackElo "1835"]
[Annotator "NA"]
[PlyCount "39"]
[EventDate "2018.07.07"]
[EventType "swiss"]
[EventCountry "SVK"]
[SourceTitle "playchess.com"]
[Source "ChessBase"]
[SourceQuality "1"]
[TimeControl "40/5400+30:1800+30"]

1. d4 Nf6 2. c4 e6 3. Nf3 c5 4. d5 b5 5. dxe6 fxe6 6. cxb5 d5 7. e3 Bd6 8. Nc3 O-O 9. Be2 Bb7 10. O-O Nbd7 11. Ng5 Qe7 12. f4 h6 13. Nf3 e5 14. fxe5 Nxe5 15. e4 d4 16. Nxe5 Bxe5 17. Bc4+ Kh8 18. Nd5 Nxd5 19. exd5 Qh4 20. g3 1/2-1/2

[Event "SVK-ch Open 2018"]
[Site "Banska Stiavnica"]
[Date "2018.07.14"]
[Round "8"]
[White "Mandak, Miroslav"]
[Black "Gelle, Istvan"]
[Result "0-1"]
[ECO "A00"]
[WhiteElo "1989"]
[BlackElo "2344"]
[Annotator "NA"]
[PlyCount "128"]
[EventDate "2018.07.07"]
[EventType "swiss"]
[EventCountry "SVK"]
[SourceTitle "playchess.com"]
[Source "ChessBase"]
[SourceQuality "1"]
[TimeControl "40/5400+30:1800+30"]

1. g3 d5 2. Bg2 c6 3. b3 Bf5 {[%emt 0:00:00] A00: Unregelmäßige Eröffnungen} 4. Bb2 e6 5. d3 (5. Nf3 h6 6. O-O Nf6 7. c4 Nbd7 8. d3 Bh7 9. Nbd2 Bd6 10. a3 a5 11. Bc3 O-O 12. b4 e5 13. cxd5 axb4 14. Bxb4 Bxb4 15. axb4 cxd5 16. Rxa8 Qxa8 17. Qb3 Rc8 {1-0 (39) Karjakin,S (2782)-Aronian,L (2764) Stavanger 2018}) 5... Nf6 {[%emt 0:00:24] LiveBook: 7 Games} 6. Nd2 h6 7. e3 Be7 8. Ne2 a5 $146 ({Vorgänger:} 8... O-O 9. h3 a5 10. a3 a4 11. b4 {1-0 (31) Blatny,P (2460)-Kotan,L (2325) Czechia 2005}) 9. O-O a4 10. h3 O-O 11. Kh2 Bh7 12. e4 b5 13. a3 axb3 14. cxb3 Nbd7 15. Nd4 Qb6 16. Nc2 Qb7 17. Qe2 Nc5 18. Nb4 Rfe8 19. Rfc1 Rac8 20. Rd1 Nfd7 21. Rac1 Bf8 22. f4 Nb6 23. Kh1 Ncd7 24. Nc2 Ra8 25. Qf2 Nc8 26. Ne3 Bxa3 27. Bxa3 Rxa3 28. f5 Ra2 29. g4 Ne5 30. Qf1 d4 31. Nc2 Qd7 32. Nf3 exf5 33. Nxe5 Rxe5 34. exf5 Qd6 35. Re1 f6 36. Rxe5 fxe5 37. Qe1 Ne7 38. Nb4 Rxg2 39. Kxg2 g6 40. f6 Qxf6 41. Qf2 Kg7 42. Qxf6+ Kxf6 43. Nxc6 Nd5 44. g5+ hxg5 45. Kf3 Bg8 46. Nb8 Be6 47. Kg3 Nc3 $2 (47... Nb4 $19 {has better winning chances.} 48. Rd1 Ke7) 48. Rf1+ Ke7 49. b4 $19 (49. Ra1 $17 {was worth a try.}) 49... Ne2+ 50. Kf3 Nf4 51. Na6 Nxd3 52. Nc5 Bf5 53. Nxd3 Bxd3 54. Ra1 e4+ 55. Kg4 e3 56. Kxg5 e2 57. Kf4 Bf5 58. h4 Ke6 59. Kf3 d3 60. Ke3 Ke5 61. Kd2 Kf4 62. Rg1 Kf3 63. Ke1 Be4 64. Rh1 Ke3 0-1

[Event "SVK-ch Open 2018"]
[Site "Banska Stiavnica"]
[Date "2018.07.14"]
[Round "8"]
[White "Sosovicka, Jakub"]
[Black "Seres, Bela"]
[Result "0-1"]
[ECO "B27"]
[WhiteElo "1982"]
[BlackElo "2212"]
[Annotator "NA"]
[PlyCount "84"]
[EventDate "2018.07.07"]
[EventType "swiss"]
[EventCountry "SVK"]
[SourceTitle "playchess.com"]
[Source "ChessBase"]
[SourceQuality "1"]
[TimeControl "40/5400+30:1800+30"]

1. e4 c5 2. Nf3 g6 3. d4 Bg7 4. d5 d6 5. c4 e6 6. h3 {[%emt 0:03:01] A40: Verschiedene (seltene) Antworten auf 1.d4} (6. Bd3 exd5 7. cxd5 Bg4 8. Nbd2 Nf6 9. O-O O-O 10. h3 Bxf3 11. Nxf3 c4 12. Bxc4 Nxe4 13. Re1 Re8 {1-0 (42) Giri,A (2752)-Adhiban,B (2655) Wijk aan Zee 2018}) 6... exd5 7. exd5 {[%emt 0:00:55] LiveBook: 4 Partien} Ne7 8. Nc3 O-O 9. Bd3 Bf5 10. Bf4 a6 11. O-O h6 $146 ({Vorgänger:} 11... Bxd3 12. Qxd3 Nf5 {1-0 (33) Askerov,M (2332)-Ismagilov,D (2058) St Petersburg 2017}) 12. Re1 Bxd3 13. Qxd3 Nc8 14. Ne4 Qc7 15. Qe3 Kh7 16. b4 b6 17. bxc5 bxc5 18. Rab1 Nd7 19. Rb3 Rd8 20. Reb1 Ra7 $18 21. a3 Nf8 22. Nfd2 f5 23. Nc3 Qf7 24. Rb8 Re8 25. Qd3 g5 26. Bh2 Ng6 27. Nf3 Qf6 28. Na4 Rae7 29. Nb6 Nxb6 30. R8xb6 f4 31. Rxa6 Kg8 32. g3 h5 33. g4 hxg4 34. hxg4 Ne5 35. Nxe5 Rxe5 36. Rb7 Re1+ 37. Kg2 Rf8 38. Raa7 f3+ 39. Kg3 Qf4+ 40. Kh3 Qxh2+ 41. Kxh2 Be5+ 42. Kh3 Rh1# 0-1

[Event "SVK-ch Open 2018"]
[Site "Banska Stiavnica"]
[Date "2018.07.14"]
[Round "8"]
[White "Pericka, Tomas"]
[Black "Slaba, Andrea"]
[Result "0-1"]
[ECO "A03"]
[WhiteElo "1975"]
[BlackElo "1936"]
[Annotator "NA"]
[PlyCount "44"]
[EventDate "2018.07.07"]
[EventType "swiss"]
[EventCountry "SVK"]
[SourceTitle "playchess.com"]
[Source "ChessBase"]
[SourceQuality "1"]
[TimeControl "40/5400+30:1800+30"]

1. f4 d5 2. Nf3 c5 3. e3 Nf6 4. b3 g6 5. Bb2 Bg7 6. Be2 O-O 7. Ne5 Nfd7 8. h4 Nxe5 9. Bxe5 Bxe5 10. fxe5 Nc6 11. d4 Qa5+ 12. c3 Bf5 13. Qd2 f6 14. h5 g5 15. Bd3 Bxd3 16. Qxd3 cxd4 17. exd4 fxe5 18. b4 Qc7 19. Qg3 Rf5 20. h6 Nxd4 21. cxd4 Qc1+ 22. Ke2 Qxh1 0-1

[Event "SVK-ch Open 2018"]
[Site "Banska Stiavnica"]
[Date "2018.07.14"]
[Round "8"]
[White "Gombar, Peter"]
[Black "Hrbek, Stepan"]
[Result "1/2-1/2"]
[ECO "A45"]
[WhiteElo "1974"]
[BlackElo "2129"]
[Annotator "NA"]
[PlyCount "94"]
[EventDate "2018.07.07"]
[EventType "swiss"]
[EventCountry "SVK"]
[SourceTitle "playchess.com"]
[Source "ChessBase"]
[SourceQuality "1"]
[TimeControl "40/5400+30:1800+30"]

1. d4 Nf6 2. Bf4 d5 3. e3 c5 4. c3 Nc6 5. Nd2 Bf5 6. h3 Qb6 7. Qb3 c4 8. Qxb6 axb6 9. Ngf3 b5 10. Be2 b4 11. O-O h6 12. Ne5 e6 13. Nxc6 bxc6 14. cxb4 Bxb4 15. Nf3 Ke7 16. Rfc1 Rhc8 17. a3 c3 18. bxc3 Bxa3 19. Rf1 c5 20. dxc5 Rxc5 21. Nd4 Rcc8 22. Nxf5+ exf5 23. Be5 Bd6 24. Bd4 Ke6 25. Rfb1 Rcb8 26. Bd3 Rxb1+ 27. Rxb1 Rb8 28. Rxb8 Bxb8 29. Bxf6 Kxf6 30. c4 dxc4 31. Bxc4 f4 32. exf4 Bxf4 33. g3 Bd6 34. Kg2 Kg6 35. Kf3 f5 36. Bd3 Kf6 37. Bb5 Bc5 38. Bd7 Ke5 39. Bc8 g5 40. Bd7 h5 41. Be8 h4 42. gxh4 gxh4 43. Bd7 Kf6 44. Bc8 Kg5 45. Bd7 Bd4 46. Bc8 f4 47. Bd7 Bc5 1/2-1/2

[Event "SVK-ch Open 2018"]
[Site "Banska Stiavnica"]
[Date "2018.07.14"]
[Round "8"]
[White "Sandor, Martin"]
[Black "Panko, Eduard"]
[Result "1/2-1/2"]
[ECO "C18"]
[WhiteElo "1968"]
[BlackElo "1871"]
[Annotator "NA"]
[PlyCount "135"]
[EventDate "2018.07.07"]
[EventType "swiss"]
[EventCountry "SVK"]
[SourceTitle "playchess.com"]
[Source "ChessBase"]
[SourceQuality "1"]
[TimeControl "40/5400+30:1800+30"]

1. e4 e6 2. d4 d5 3. Nc3 Bb4 4. e5 Ne7 5. a3 Bxc3+ 6. bxc3 c5 7. Qg4 Qc7 8. Qxg7 Rg8 9. Qxh7 cxd4 10. Ne2 dxc3 11. Qd3 Qxe5 12. Bf4 Qf5 13. Qxf5 Nxf5 14. Nxc3 Bd7 15. Rb1 Bc6 16. Bd3 Nh4 17. Bg3 Nxg2+ 18. Kf1 d4 19. Ne4 Ke7 20. Kxg2 f5 21. Rhe1 fxe4 22. Bxe4 b6 23. h4 Bxe4+ 24. Rxe4 Nc6 25. Rbe1 Rg6 26. h5 Rh6 27. Bf4 Rg8+ 28. Kf1 Rxh5 29. Rxe6+ Kf7 30. Rxc6 Rh1+ 31. Ke2 Re8+ 32. Be3 Rxe1+ 33. Kxe1 dxe3 34. Rc7+ Kf6 35. f3 e2 36. Rxa7 Kf5 37. Ra4 Re3 38. Rb4 Rxf3 39. Kxe2 Rxa3 40. Rxb6 Ke5 41. Rb4 Kd5 42. Rh4 Kc5 43. Kd2 Rg3 44. Kc1 Rg1+ 45. Kb2 Rg2 46. Kb3 Rg3+ 47. c3 Rg5 48. Rh8 Rg3 49. Rh5+ Kc6 50. Kb4 Rg4+ 51. c4 Rg6 52. Ra5 Kb6 53. c5+ Kb7 54. Ra2 Rg1 55. Rd2 Rb1+ 56. Kc4 Rc1+ 57. Kd5 Kc7 58. Rd3 Rc2 59. Rd1 Rc3 60. Rh1 Rd3+ 61. Kc4 Rd2 62. Rh7+ Kc6 63. Rh6+ Kc7 64. Kc3 Rd1 65. Rh7+ Kc6 66. Kc4 Rc1+ 67. Kb4 Rb1+ 68. Kc4 {[%emt 0:00:00] Kd5+ Kd4+} 1/2-1/2

[Event "SVK-ch Open 2018"]
[Site "Banska Stiavnica"]
[Date "2018.07.14"]
[Round "8"]
[White "Tomanek, Rafael"]
[Black "Lukac, Roman"]
[Result "0-1"]
[ECO "A48"]
[WhiteElo "1939"]
[BlackElo "2089"]
[Annotator "NA"]
[PlyCount "96"]
[EventDate "2018.07.07"]
[EventType "swiss"]
[EventCountry "SVK"]
[SourceTitle "playchess.com"]
[Source "ChessBase"]
[SourceQuality "1"]
[TimeControl "40/5400+30:1800+30"]

1. d4 Nf6 2. Nf3 g6 3. c4 Bg7 4. Nc3 O-O 5. e4 {[%emt 0:00:00] LiveBook: 10033 Partien} d6 6. h3 e5 7. d5 a5 8. Bg5 h6 9. Be3 Na6 $11 10. Be2 Nc5 11. Nd2 Bd7 12. b3 Ne8 13. a3 f5 14. f3 Nf6 15. b4 Na6 16. Rb1 axb4 17. axb4 Nh5 18. c5 Bf6 19. Nc4 Bh4+ 20. Kf1 Ng3+ 21. Kg1 Bg5 22. Bf2 Nxh1 23. Kxh1 Be7 24. Qg1 Rf6 25. Bh4 Rf7 26. Bf2 Qf8 27. b5 Nb8 28. c6 Bc8 29. Ra1 Rxa1 30. Qxa1 bxc6 31. dxc6 Be6 32. Nd5 Qc8 33. Bg1 Bh4 34. Nb2 fxe4 35. fxe4 Kg7 36. Nd3 Bg3 37. Bh2 Bxh2 38. Kxh2 h5 39. Qe1 Qd8 40. Qg3 h4 41. Qe3 Kh7 42. Nf2 Qf8 43. Ng4 Bxd5 44. exd5 Rf4 45. Qa7 Rb4 46. Qxc7+ Kh8 47. Qa7 Qf4+ 48. Kg1 Rb1+ {[%emt 0:00:00] Kf2} 0-1

[Event "SVK-ch Open 2018"]
[Site "Banska Stiavnica"]
[Date "2018.07.14"]
[Round "8"]
[White "Budinsky, Jozef"]
[Black "Gajdosik, Andrej"]
[Result "1-0"]
[ECO "A22"]
[WhiteElo "1931"]
[BlackElo "1992"]
[Annotator "NA"]
[PlyCount "109"]
[EventDate "2018.07.07"]
[EventType "swiss"]
[EventCountry "SVK"]
[SourceTitle "playchess.com"]
[Source "ChessBase"]
[SourceQuality "1"]
[TimeControl "40/5400+30:1800+30"]

1. c4 e5 2. Nc3 Nf6 3. g3 d5 4. cxd5 Nxd5 5. Bg2 Nb6 6. Nf3 Nc6 7. O-O Be7 8. d3 O-O 9. Be3 Be6 10. Rc1 f5 11. Bh3 Nd5 12. Nxd5 Bxd5 13. a3 g5 14. Bg2 g4 15. Nd2 Bxg2 16. Kxg2 Qd5+ 17. f3 f4 18. Bg1 fxg3 19. hxg3 gxf3+ 20. Rxf3 Rxf3 21. Nxf3 Rd8 22. Qa4 Kh8 23. Qc4 a6 24. Qxd5 Rxd5 25. Rc4 Bd6 26. Rg4 h6 27. Be3 Kh7 28. Rh4 Bf8 29. Ng5+ Kg6 30. Ne6 Bd6 31. Rxh6+ Kf7 32. Nxc7 Bxc7 33. Rh7+ Kf6 34. Rxc7 Rb5 35. b4 a5 36. bxa5 Rxa5 37. Rxb7 Rxa3 38. Rb6 Rc3 39. Kf3 Kf7 40. Ke4 Rc2 41. Kf3 Ne7 42. Rb5 Ke6 43. g4 Nd5 44. Bf2 Rxe2 45. Rxd5 Rxf2+ 46. Kxf2 Kxd5 47. Ke3 Kd6 48. g5 Ke7 49. Ke4 Ke6 50. g6 Kf6 51. g7 Kxg7 52. Kxe5 Kf7 53. Kd6 Ke8 54. d4 Kd8 55. d5 1-0

[Event "SVK-ch Open 2018"]
[Site "Banska Stiavnica"]
[Date "2018.07.14"]
[Round "8"]
[White "Liska, Jaroslav"]
[Black "Odler, Daniel"]
[Result "0-1"]
[ECO "B27"]
[WhiteElo "1900"]
[BlackElo "2067"]
[Annotator "NA"]
[PlyCount "90"]
[EventDate "2018.07.07"]
[EventType "swiss"]
[EventCountry "SVK"]
[SourceTitle "playchess.com"]
[Source "ChessBase"]
[SourceQuality "1"]
[TimeControl "40/5400+30:1800+30"]

1. e4 c5 2. Nf3 e6 3. d4 cxd4 4. Nxd4 a6 {[%emt 0:00:29] LiveBook: 25296 Partien} 5. a4 Qc7 6. Bd3 Nf6 7. Be3 Nc6 8. Nxc6 Qxc6 9. f3 $11 Bc5 10. Bxc5 Qxc5 11. Qd2 d5 12. e5 Nd7 13. f4 O-O 14. Qf2 f6 15. Qxc5 Nxc5 16. b4 Nxd3+ 17. cxd3 fxe5 18. fxe5 Rf4 19. Ke2 Rxb4 20. Nd2 Bd7 21. a5 Rc8 22. Rhb1 Rxb1 23. Rxb1 Bb5 24. Ke3 Rc2 25. Nf3 Rc3 26. Ng5 Rxd3+ 27. Kf2 Ra3 28. Nxe6 Rxa5 29. Nd8 Ra4 30. Nxb7 Re4 31. Re1 Rxe1 32. Kxe1 Kf7 33. Nc5 Kg6 34. Kf2 Kf5 35. e6 d4 36. Nb3 Ke5 37. e7 Kd5 38. Ke1 Kc4 39. Nd2+ Kd3 40. Nf3 a5 41. Ne5+ Kc3 42. Nf7 d3 43. Nd6 d2+ 44. Kf2 Bd7 45. Ne4+ Kc2 0-1

[Event "SVK-ch Open 2018"]
[Site "Banska Stiavnica"]
[Date "2018.07.14"]
[Round "8"]
[White "Brnusak, Andrej"]
[Black "Bartek, Ladislav"]
[Result "1/2-1/2"]
[ECO "C68"]
[WhiteElo "1866"]
[BlackElo "2049"]
[Annotator "NA"]
[PlyCount "80"]
[EventDate "2018.07.07"]
[EventType "swiss"]
[EventCountry "SVK"]
[SourceTitle "playchess.com"]
[Source "ChessBase"]
[SourceQuality "1"]
[TimeControl "40/5400+30:1800+30"]

1. e4 e5 2. Nf3 Nc6 3. Bb5 a6 4. Bxc6 dxc6 5. O-O f6 6. d4 Bg4 7. dxe5 Qxd1 8. Rxd1 fxe5 9. Nbd2 O-O-O 10. Re1 Re8 11. h3 Bh5 12. g4 Bg6 13. b3 Nf6 14. Bb2 Nd7 15. Nc4 Bd6 16. Nh4 Bb4 17. Re2 b5 18. Nd2 Bxd2 19. Rxd2 Bxe4 20. Re2 Bd5 21. Rae1 g6 22. f4 Rhf8 23. fxe5 Re6 24. Ng2 Rf3 25. Re3 Rxe3 26. Rxe3 g5 27. Ne1 c5 28. Kf2 c4 29. Nf3 Bxf3 30. Kxf3 cxb3 31. cxb3 Kd8 32. Ke4 Ke7 33. Ba3+ c5 34. Kd5 b4 35. Bc1 h6 36. Re4 Rb6 37. Re2 Rb5 38. Be3 c4+ 39. Kxc4 Nxe5+ 40. Kd4 Ke6 1/2-1/2

[Event "SVK-ch Open 2018"]
[Site "Banska Stiavnica"]
[Date "2018.07.14"]
[Round "8"]
[White "Huncar, Martin"]
[Black "Toma, Rudolf"]
[Result "0-1"]
[ECO "B10"]
[WhiteElo "1840"]
[BlackElo "2018"]
[Annotator "NA"]
[PlyCount "56"]
[EventDate "2018.07.07"]
[EventType "swiss"]
[EventCountry "SVK"]
[SourceTitle "playchess.com"]
[Source "ChessBase"]
[SourceQuality "1"]
[TimeControl "40/5400+30:1800+30"]

1. e4 c6 2. Nc3 e5 3. d4 exd4 4. Qxd4 d6 5. Nf3 Nf6 6. Bc4 Be7 7. Bf4 b5 8. Bb3 c5 9. Qd2 c4 10. Nxb5 cxb3 11. Bxd6 O-O 12. Nc7 Nxe4 13. Bxe7 Qxe7 14. Nd5 Qc5 15. Qd4 bxc2 16. Qxc5 Nxc5 17. Nc7 Nba6 18. Nxa8 Nd3+ 19. Kd2 c1=Q+ 20. Raxc1 Nxc1 21. Rxc1 Rd8+ 22. Ke3 Bb7 23. Rc7 Nxc7 24. Nxc7 a6 25. Nd4 Rc8 26. Nxa6 Bxa6 27. b4 Rc3+ 28. Kd2 Rd3+ 0-1

[Event "SVK-ch Open 2018"]
[Site "Banska Stiavnica"]
[Date "2018.07.14"]
[Round "8"]
[White "Cabanova, Kristina"]
[Black "Budinsky, Martin"]
[Result "0-1"]
[ECO "A45"]
[WhiteElo "1691"]
[BlackElo "1985"]
[Annotator "NA"]
[PlyCount "68"]
[EventDate "2018.07.07"]
[EventType "swiss"]
[EventCountry "SVK"]
[SourceTitle "playchess.com"]
[Source "ChessBase"]
[SourceQuality "1"]
[TimeControl "40/5400+30:1800+30"]

1. d4 Nf6 2. Bf4 e6 3. Nf3 c5 4. e3 b6 5. h3 Bb7 6. Be2 Be7 7. c3 Nc6 8. Nbd2 d6 9. O-O cxd4 10. exd4 O-O 11. Re1 h6 12. Qc2 a6 13. a4 Rc8 14. Qb3 Na5 15. Qd1 Nd5 16. Bg3 f5 17. Bf1 Rf6 18. Nb3 Nc4 19. Bxc4 Rxc4 20. Qd3 Rc8 21. Re2 Kf7 22. Rae1 Qh8 23. Nbd2 Rg8 24. Nc4 f4 25. Bh2 g5 26. Nfd2 f3 27. Nxf3 Nf4 28. Bxf4 gxf4 29. Kh2 Rfg6 30. Rg1 Qg7 31. Ne1 Bxg2 32. f3 Bf1 33. Qxg6+ Qxg6 34. Rxf1 Qg3+ 0-1

[Event "SVK-ch Open 2018"]
[Site "Banska Stiavnica"]
[Date "2018.07.14"]
[Round "8"]
[White "Ihnat, Marek"]
[Black "Dylag, Emilia"]
[Result "1/2-1/2"]
[ECO "D02"]
[WhiteElo "1459"]
[BlackElo "1989"]
[Annotator "NA"]
[PlyCount "93"]
[EventDate "2018.07.07"]
[EventType "swiss"]
[EventCountry "SVK"]
[SourceTitle "playchess.com"]
[Source "ChessBase"]
[SourceQuality "1"]
[TimeControl "40/5400+30:1800+30"]

1. d4 Nf6 2. Bf4 d5 3. e3 e6 4. Nf3 c5 5. c3 Nc6 6. Nbd2 Bd6 7. Bxd6 Qxd6 8. Bd3 O-O 9. O-O e5 10. dxe5 Nxe5 11. Nxe5 Qxe5 12. Nf3 Qe7 13. h3 Bd7 14. Qc2 Bc6 15. Rfe1 Rfe8 16. Rad1 Rad8 17. Qe2 a6 18. Qc2 b5 19. Nd2 Qb7 20. Bf1 a5 21. b3 g6 22. Qb2 Re6 23. a3 Qe7 24. Qa1 g5 25. g3 Nh5 26. Bg2 f5 27. Nf3 g4 28. hxg4 fxg4 29. Nh4 Qg5 30. Qb2 Rf8 31. Rd2 Qe5 32. c4 Qxb2 33. Rxb2 dxc4 34. bxc4 Bxg2 35. Nxg2 b4 36. axb4 cxb4 37. Ra1 Rf5 38. Ne1 Rc6 39. Rba2 Rxc4 40. Rxa5 Ng7 41. Rxf5 Nxf5 42. Rb1 Ne7 43. Nd3 Nc6 44. Kf1 Kf7 45. Ke2 Ke6 46. Rb2 Kd6 47. f4 {[%emt 0:03:21] Ke5} 1/2-1/2

[Event "SVK-ch Open 2018"]
[Site "Banska Stiavnica"]
[Date "2018.07.15"]
[Round "9"]
[White "Pacher, Milan"]
[Black "Szeberenyi, Adam"]
[Result "1/2-1/2"]
[ECO "B52"]
[WhiteElo "2467"]
[BlackElo "2372"]
[Annotator "ChessBase"]
[PlyCount "21"]
[EventDate "2018.07.07"]
[EventType "swiss"]
[EventCountry "SVK"]
[SourceTitle "playchess.com"]
[Source "ChessBase"]
[SourceQuality "1"]
[TimeControl "40/5400+30:1800+30"]

1. e4 c5 2. Nf3 d6 3. Bb5+ Bd7 4. Bxd7+ Qxd7 5. c4 Nc6 6. d4 cxd4 7. Nxd4 Nf6 8. Nc3 Qg4 9. O-O Qxd1 10. Rxd1 Rc8 11. b3 1/2-1/2

[Event "SVK-ch Open 2018"]
[Site "Banska Stiavnica"]
[Date "2018.07.15"]
[Round "9"]
[White "Druska, Juraj"]
[Black "Macko, Michal"]
[Result "1-0"]
[ECO "C00"]
[WhiteElo "2439"]
[BlackElo "2158"]
[Annotator "NA RC"]
[PlyCount "107"]
[EventDate "2018.07.07"]
[EventType "swiss"]
[EventCountry "SVK"]
[SourceTitle "playchess.com"]
[Source "ChessBase"]
[SourceQuality "1"]
[TimeControl "40/5400+30:1800+30"]

1. e4 e6 2. d4 d5 3. Bd3 dxe4 4. Bxe4 Nf6 5. Bf3 c5 6. Ne2 Nc6 7. Be3 cxd4 8. Nxd4 Ne5 9. O-O Nxf3+ 10. Qxf3 Be7 11. Nc3 a6 12. Rad1 Qc7 13. Rfe1 Bd7 14. Bg5 Bc6 15. Nxc6 Qxc6 16. Qxc6+ bxc6 17. Rd3 Rd8 18. Bxf6 Bxf6 19. Red1 Rxd3 20. Rxd3 Ke7 21. Na4 Rb8 22. b3 Be5 23. Kf1 h5 24. h3 g6 25. Ke2 Bd6 26. Nb2 Rb5 27. Nc4 Bc7 28. Nd2 Rd5 29. Nc4 Rb5 30. Re3 Rd5 31. g4 hxg4 32. hxg4 Rd4 33. f3 Rd8 34. Ne5 Bxe5 35. Rxe5 Rd5 36. Re4 f5 37. Rb4 a5 38. Rb7+ Kd6 39. Rg7 fxg4 40. fxg4 g5 41. c4 Re5+ 42. Kd3 c5 43. Ra7 Re1 44. Ra6+ Ke5 45. Rxa5 Kf4 46. Rxc5 e5 47. Rc8 e4+ 48. Kd2 Ra1 49. Rf8+ Kxg4 50. Ke3 Re1+ 51. Kd4 e3 52. Kd3 e2 53. Rf2 Kg3 54. Rxe2 1-0

[Event "SVK-ch Open 2018"]
[Site "Banska Stiavnica"]
[Date "2018.07.15"]
[Round "9"]
[White "Gelle, Istvan"]
[Black "Nogrady, Vilmos"]
[Result "1/2-1/2"]
[ECO "A45"]
[WhiteElo "2344"]
[BlackElo "2154"]
[Annotator "NA"]
[PlyCount "117"]
[EventDate "2018.07.07"]
[EventType "swiss"]
[EventCountry "SVK"]
[SourceTitle "playchess.com"]
[Source "ChessBase"]
[SourceQuality "1"]
[TimeControl "40/5400+30:1800+30"]

1. d4 Nf6 2. Bf4 d5 3. e3 c5 4. c3 Qb6 5. Qb3 {[%emt 0:00:07] D00: 1 d4 d5: Unusual lines} c4 6. Qxb6 {[%emt 0:05:21] a} axb6 7. Nd2 b5 8. a3 Nc6 9. Rc1 Nh5 $146 ({Predecessor:} 9... Bf5 10. Be2 e6 11. Ngf3 h6 12. h3 Be7 {½-½ (31) Kosic,D (2511)-Halkias,S (2584) Hungary 2009}) 10. Bg5 h6 11. Bh4 g5 12. Be2 Ng7 13. Bg3 f5 14. h4 g4 15. h5 Be6 16. f3 gxf3 17. Bxf3 Bf7 18. Ne2 e6 19. Bf4 Kd7 20. Kf2 Bd6 21. Rcg1 Bxf4 22. exf4 Rhg8 23. g4 fxg4 24. Bxg4 Ne8 25. Bf3 Nf6 26. Rxg8 Rxg8 27. Ng3 Ne7 28. Re1 Nf5 29. Nxf5 exf5 30. Re5 Be6 31. Nf1 Ng4+ 32. Bxg4 Rxg4 33. Kf3 Rh4 34. Ng3 Rh3 35. Re1 Rh4 36. Rh1 Rxh1 37. Nxh1 Kc6 38. Ke3 Kb6 39. Kd2 Ka5 40. Kc1 Bf7 41. Ng3 Be6 42. b4+ Kb6 43. Nf1 Kc7 44. Kb2 Kc6 45. Ne3 Kb6 46. Kc1 Kc6 47. Kd2 Kd6 48. Ke2 Bd7 49. Kf3 Ke6 $11 50. Kg3 Kd6 51. Kh4 Be6 52. Nf1 Ke7 53. Nd2 Kd6 54. Nf3 Ke7 55. Ne5 Kd6 56. Kg3 Ke7 57. Kf2 Bf7 58. Nxf7 Kxf7 59. Ke3 1/2-1/2

[Event "SVK-ch Open 2018"]
[Site "Banska Stiavnica"]
[Date "2018.07.15"]
[Round "9"]
[White "Polyik, Peter"]
[Black "Balogh, Peter"]
[Result "1/2-1/2"]
[ECO "A52"]
[WhiteElo "2311"]
[BlackElo "2097"]
[Annotator "NA"]
[PlyCount "34"]
[EventDate "2018.07.07"]
[EventType "swiss"]
[EventCountry "SVK"]
[SourceTitle "playchess.com"]
[Source "ChessBase"]
[SourceQuality "1"]
[TimeControl "40/5400+30:1800+30"]

1. d4 Nf6 2. c4 e5 3. dxe5 Ng4 4. Bf4 g5 5. Bg3 Bg7 6. Nf3 Nc6 7. Nc3 Ngxe5 8. Nxe5 Nxe5 9. e3 d6 10. h4 g4 11. Be2 h5 12. Qb3 Be6 13. Nd5 c6 14. Nf4 Qa5+ 15. Kf1 O-O-O 16. Nxe6 fxe6 17. Qc2 Rdf8 1/2-1/2

[Event "SVK-ch Open 2018"]
[Site "Banska Stiavnica"]
[Date "2018.07.15"]
[Round "9"]
[White "Urhegyi, Marton"]
[Black "Pniaczek, Marek"]
[Result "0-1"]
[ECO "C68"]
[WhiteElo "2303"]
[BlackElo "2082"]
[Annotator "NA"]
[PlyCount "110"]
[EventDate "2018.07.07"]
[EventType "swiss"]
[EventCountry "SVK"]
[SourceTitle "playchess.com"]
[Source "ChessBase"]
[SourceQuality "1"]
[TimeControl "40/5400+30:1800+30"]

1. e4 e5 2. Nf3 Nc6 3. Bb5 a6 4. Bxc6 dxc6 5. O-O Bd6 6. d4 exd4 7. Qxd4 f6 8. Nc3 Qe7 9. Be3 Be6 10. Rad1 Qf7 11. Ne2 Bg4 12. e5 Bxf3 13. exd6 Bxe2 14. Qe4+ Ne7 15. dxe7 Bxd1 16. Rxd1 Qxe7 17. Qc4 Rd8 18. Re1 Rd5 19. Bd2 Re5 20. Be3 Qe6 21. Qb4 b6 22. c4 Kf7 23. c5 bxc5 24. Qb7 Qd7 25. Qxa6 Rhe8 26. a4 f5 27. a5 Re4 28. Rf1 f4 29. Bxc5 f3 30. gxf3 R8e5 31. Be3 Ra4 32. Rc1 Re6 33. Kf1 c5 34. Qa8 Qd3+ 35. Kg2 Rg6+ 36. Kh1 Qd6 37. f4 Rxa5 38. Qe4 Qc6 39. f3 Qxe4 40. fxe4 Rb6 41. b4 Rxb4 42. Bd2 Ra7 43. Bxb4 cxb4 44. Kg2 b3 45. Kf3 b2 46. Rb1 Ra3+ 47. Kf2 Rh3 48. Kg1 Rb3 49. Kf1 c5 50. Ke1 c4 51. Kd1 c3 52. Kc2 Ra3 53. e5 Ke6 54. h4 Ra1 55. h5 h6 0-1